 Dungeon Crawl Stone Soup version 0.31-a0-662-g684573625c (webtiles) character file.

Game seed: 1799699038581742101

19 Midn8 the Slasher (level 2, -8/22 HPs)
             Began as a Vampire Warper on Sept 1, 2023.
             Mangled by a goblin
             ... wielding a +1 dagger of electrocution
              (12 damage)
             ... on level 2 of the Dungeon.
             The game lasted 00:01:24 (535 turns).

Midn8 the Slasher (Vampire Warper)                   Turns: 535, Time: 00:01:24

Health: -8/22      AC:  4    Str: 10    XL:     2   Next: 55%
Magic:  5/5        EV: 11    Int: 15    God:
Gold:   33         SH:  0    Dex: 13    Spells: 5/5 levels left

rFire   . . .        a - +0 falchion
rCold   . . .        (no shield)
rNeg    . . .        b - +0 leather armour
rPois   .            i - +0 helmet
rElec   .            (no cloak)
rCorr   .            (no gloves)
SInv    +            (no boots)
Will    .....        (no amulet)
Stlth   +            (no ring)
HPRegen 0.43/turn    (no ring)
MPRegen 0.09/turn

%: no passive effects
@: healing quickly
A: alive, fangs 3, see invisible, vampiric 1
a: Exsanguinate


You were on level 2 of the Dungeon.
You visited 1 branch of the dungeon, and saw 2 of its levels.

You collected 33 gold pieces.

Inventory:

Hand Weapons
 a - a +0 falchion (weapon)
Missiles
 d - 6 darts of dispersal (quivered)
Armour
 b - a +0 leather armour (worn)
 i - a +0 helmet (worn)
Scrolls
 c - a scroll of blinking
 g - a scroll of identify {unknown}
Potions
 e - a potion of haste {unknown}
 f - a potion of mutation {unknown}
 h - a potion of enlightenment {unknown}


   Skills:
 - Level 1.7 Fighting
 + Level 3.2 Long Blades
 - Level 0.7 Throwing
 - Level 0.7 Armour
 - Level 2.1 Dodging
 - Level 2.0 Spellcasting
 - Level 2.4 Translocations


You had 5 spell levels left.
You didn't know any spells.
Your spell library contained the following spells:

 Spells                   Type           Power      Damage    Failure   Level
 Blink                    Tloc           16%        N/A       17%         2
 Lesser Beckoning         Tloc           16%        N/A       17%         2
 Teleport Other           Tloc           8%         N/A       34%         3
 Manifold Assault         Tloc           8%         N/A       75%         4
 Vhi's Electric Charge    Tloc/Air       10%        N/A       88%         4


Dungeon Overview and Level Annotations

Branches:
Dungeon (1/15)

Altars:


Innate Abilities, Weirdness & Mutations

Your natural rate of healing is accelerated.
You have razor-sharp teeth.
You have supernaturally acute eyesight. (SInv)
You are afflicted with vampirism.


Message History

A goblin comes into view.
It is wielding a +1 dagger of electrocution.
You barely miss the goblin. The goblin barely misses you.
You hit the goblin.
The goblin is moderately wounded.
The goblin hits you with a +1 dagger of electrocution.
You barely miss the goblin. Your bite misses the goblin.
The goblin is moderately wounded.
The goblin hits you but does no damage.
You barely miss the goblin.
The goblin is moderately wounded.
The goblin closely misses you.
The goblin hits you with a +1 dagger of electrocution.
You are electrocuted!
Ouch! That really hurt!
* * * LOW HITPOINT WARNING * * *
Throw: 7 darts (disperse)
Press: ? - help, Q - select action Shift-Dir - straight line, f - goblin
Aim: a goblin, wielding a +1 dagger of electrocution (moderately wounded, 43% to hit)
You throw a dart of dispersal. The dart of dispersal hits the goblin.
The goblin blinks!
The goblin is moderately wounded.
A goblin is nearby!
Okay, then.
You aren't carrying any items that you can evoke.
There is an open door, spattered with blood here.
You start waiting.
A goblin is nearby!
You barely miss the goblin. The goblin closely misses you.
You barely miss the goblin.
The goblin hits you with a +1 dagger of electrocution.
You are electrocuted!
Ouch! That really hurt!
You closely miss the goblin.
The goblin hits you with a +1 dagger of electrocution.
* * * LOW HITPOINT WARNING * * *
The goblin closely misses you.
You barely miss the goblin. The goblin hits you but does no damage.
You are electrocuted!
Ouch! That really hurt!
You die...

........# ##.....## #
#.##.##.###.......####
###.#.#...#.##............
.............'............
##.#.....#.##.........###
###..##.###........# #
#.###.# ##.....#.# #
#.###.###.# ##...##.# #
#......@g.# ##'###.# #
#####.##### #.# #.. . #.#
#.# ### # #.# ##.## # #.#
##...## #.. #....># ###
##...## ##.## ###


You could see a goblin.

Vanquished Creatures
  An adder (D:2)
  A giant cockroach (D:1)
  A goblin (D:1)
  2 hobgoblins (D:1)
  2 ball pythons (D:1)
  2 bats (D:1)
  A kobold (D:1)
  A rat (D:1)
11 creatures vanquished.

Notes
Turn   | Place    | Note
-------+----------+-------------------------------------------
     0 | D:1      | Midn8 the Vampire Warper began the quest for the Orb.
     0 | D:1      | Reached XP level 1. HP: 16/16 MP: 3/3
   251 | D:1      | Reached XP level 2. HP: 22/22 MP: 5/5
   375 | D:1      | You fall into a shaft and drop 1 floor!
   391 | D:2      | Reached skill level 3 in Long Blades
   535 | D:2      | Mangled by a goblin

Illustrated notes

Levels and vault maps discovered:
D:1:      nagdon_arrival_double_spiral, layout_basic
D:2:      layout_loops_corners, grunt_decor_junction, minmay_vboxes

Skill      XL: |  1  2 |
---------------+-------+-----
Long Blades    | 3 |  3.2
Fighting       | |  1.7
Throwing       | |  0.7
Armour         | |  0.7
Dodging        | |  2.1
Spellcasting   | |  2.0
Translocations | |  2.4

Action                     || total
---------------------------++-------
  Melee: Falchion          ||    36
         Bite              ||     3
  Throw: Dart              ||     1
 Armour: Leather armour    ||    22
  Dodge: Dodged            ||    22

Table legend: (Time is in decaauts)
 A = Elapsed time spent in this place.
 B = Non-inter-level travel time spent in this place.
 C = Inter-level travel time spent in this place.
 D = Time resting spent in this place.
 E = Time spent auto-exploring this place.
 F = Levels seen in this place.
 G = Mean time per level.
                   A        B        C        D        E       F      G
               +--------+--------+--------+--------+--------+-----+--------+
         Total |    540 |    540 |      0 |     60 |    330 |   2 |  270.0 |
       Dungeon |    540 |    540 |      0 |     60 |    330 |   2 |  270.0 |
               +--------+--------+--------+--------+--------+-----+--------+

Top non-repeatable levels by time:
     D:1: 379 daAuts
     D:2: 161 daAuts
